 Dungeon Crawl Stone Soup version 0.19.5 (webtiles) character file.

3971 Dadi the Fighter (level 10, -10/66 HPs)
             Began as a Gargoyle Fighter on Apr 21, 2017.
             Was a Priest of Okawaru.
             Mangled by an orc warrior
             ... wielding a +0 glaive
              (20 damage)
             ... on level 7 of the Dungeon.
             The game lasted 00:13:24 (9557 turns).

Dadi the Fighter (Gargoyle Fighter)                 Turns: 9557, Time: 00:13:24

Health: -10/66     AC: 13    Str: 21    XL:     10   Next: 22%
Magic:  14/14      EV:  9    Int:  8    God:    Okawaru [***...]
Gold:   519        SH: 10    Dex: 12    Spells: 0 memorised, 9 levels left

rFire  + . .     SeeInvis .     J - +1 whip (freeze)
rCold  + . .     Gourm    .     y - +3 leather armour
rNeg   + . .     Faith    .     c - +0 shield
rPois  ∞         Spirit   .     (no helmet)
rElec  +         Reflect  .     (no cloak)
rCorr  .         Harm     .     (no gloves)
MR     .....                    (no boots)
Stlth  +.........               (no amulet)
                                C - ring of protection from fire
                                z - ring of protection from cold

@: no status effects
A: negative energy resistance 1, electricity resistance, unbreathing,
petrification resistance, rot immunity, AC +7
a: Heroism, Renounce Religion


You were on level 7 of the Dungeon.
You worshipped Okawaru.
Okawaru was most pleased with you.
You were near starving.

You visited 2 branches of the dungeon, and saw 10 of its levels.

You collected 519 gold pieces.

Inventory:

Hand Weapons
 a - a +0 flail
 E - a +0 whip of freezing
 J - a +1 whip of freezing (weapon)
Missiles
 m - 2 throwing nets (quivered)
Armour
 b - a +0 scale mail
 c - a +0 shield (worn)
 y - a +3 leather armour (worn)
Jewellery
 z - a ring of protection from cold (left hand)
 C - a ring of protection from fire (right hand)
 I - an uncursed ring of fire {unknown}
Wands
 G - a wand of lightning (11/15)
Scrolls
 h - 4 scrolls of magic mapping {unknown}
 i - 3 scrolls of amnesia {unknown}
 j - 3 scrolls of teleportation {unknown}
 o - 11 scrolls of remove curse {unknown}
 q - 3 scrolls of fog {unknown}
 s - 7 scrolls of identify {unknown}
 t - 4 scrolls of noise {unknown}
 x - 2 scrolls of fear {unknown}
 D - a scroll of enchant armour {unknown}
 F - a scroll of vulnerability {unknown}
Potions
 d - a potion of might
 e - 3 potions of agility {unknown}
 k - a potion of heal wounds
 l - 3 potions of flight {unknown}
 u - 4 potions of brilliance {unknown}
 v - 5 potions of curing {unknown}
 w - 2 potions of lignification {unknown}
 B - 3 potions of cure mutation {unknown}
 K - 2 potions of haste {unknown}
Books
 A - a book of Cantrips

   Spells                             Type                      Level
   a - Confusing Touch                Hexes                        1
   b - Animate Skeleton               Necromancy                   1
   c - Summon Small Mammal            Summoning                    1
   d - Apportation                    Translocation                1
Comestibles
 f - 9 bread rations
 g - 2 fruits
 n - 3 slices of pizza
 p - 8 beef jerkies
 r - 2 meat rations
 H - a royal jelly


   Skills:
 - Level 9.1 Fighting
 - Level 8.1 Maces & Flails
 + Level 6.8 Armour
 + Level 6.6 Shields
 + Level 5.8 Invocations


You had 9 spell levels left.
You didn't know any spells.

Dungeon Overview and Level Annotations

Branches:
Dungeon (9/15)             Temple (1/1) D:7            Lair (0/6) D:8
    Orc: D:9-12

Altars:
Ashenzari
Cheibriados
Dithmenos
Elyvilon
Fedhas
Gozag
Hepliaklqana
Kikubaaqudgha
Makhleb
Nemelex Xobeh
Okawaru
Qazlal
Ru
Sif Muna
Trog
Uskayaw
Xom
Yredelemnul
Zin


Innate Abilities, Weirdness & Mutations

You are resistant to torment.
Your stone body is resilient. (AC +7)
You are immune to poison.
You resist negative energy. (rN+)
You are resistant to electric shocks. (rElec)
You can survive without breathing.
You are immune to petrification.
You are immune to rotting.


Message History

You are too injured to fight recklessly!
You are too injured to fight recklessly!
You are too injured to fight recklessly!
You are too injured to fight recklessly!
You are too injured to fight recklessly!
You closely miss the orc warrior.
The orc warrior is severely wounded.
You block the orc warrior's attack.
You closely miss the orc warrior.
The orc warrior is severely wounded.
You hit the orc warrior. You freeze the orc warrior.
The orc warrior is almost dead.
The orc warrior hits you with a glaive!
* * * LOW HITPOINT WARNING * * *
You hit the orc warrior but do no damage.
The orc warrior is almost dead.
You hit the orc warrior but do no damage.
The orc warrior is almost dead.
The orc warrior hits you with a glaive!!
You die...

##.## #.#
#.# #.# #.#
#'## #.#
#...## ...
.....## #o#
......## #o#
.......# #o#
...)...+ #@#
.......# #.#
......# #.#
.....## #.#
#...##
#######.#
##'##
#.).....#
#.#
#.#######
##.#######.#
#..........#


You could see an orc warrior and 2 orcs.

Vanquished Creatures
  Pikel (D:5)
  Prince Ribbit (D:7)
  A water moccasin (D:8)
  An orc warrior (D:8)
  3 ice beasts
  3 black bears
  5 sky beasts
  3 ogres
  A centaur (D:5)
  2 big kobolds
  A bullfrog (D:8)
  A scorpion (D:6)
  The ghost of Gomac the Skirmisher, a weakling DrMo (D:3)
  3 killer bees (D:8)
  3 wights
  A howler monkey (D:8)
  3 crimson imps
  A centaur zombie (D:7)
  A centaur skeleton (D:4)
  2 hounds
  3 jellies
  3 bullfrog skeletons
  4 orc priests
  A gnoll shaman (D:7)
  An iron imp (D:8)
  2 iguanas
  4 orc wizards
  5 worker ants
  A hound zombie (D:6)
  9 gnolls
  11 adders
  A shadow imp (D:6)
  3 oozes
  An adder skeleton (D:9)
  2 worms
  3 dart slugs
  4 leopard geckos
  23 orcs
  A ball python (D:1)
  5 giant cockroaches
  9 goblins
  10 hobgoblins
  11 jackals
  14 kobolds
  3 quokkas
  12 bats
  6 frilled lizards
  A jackal skeleton (D:9)
  A quokka zombie (D:7)
  5 rats
197 creatures vanquished.

Notes
Turn   | Place    | Note
-------+----------+-------------------------------------------
     0 | D:1      | Dadi the Gargoyle Fighter began the quest for the Orb.
     0 | D:1      | Reached XP level 1. HP: 14/14 MP: 1/1
   179 | D:1      | Reached XP level 2. HP: 11/19 MP: 2/2
   366 | D:1      | Reached skill level 4 in Fighting
   567 | D:1      | Reached XP level 3. HP: 23/24 MP: 3/3
  1316 | D:2      | Reached XP level 4. HP: 30/30 MP: 4/4
  1718 | D:2      | Found a stormy altar of Qazlal.
  1852 | D:2      | Found a glowing silver altar of Zin.
  1890 | D:2      | Found an iron altar of Okawaru.
  2018 | D:2      | Became a worshipper of Warmaster Okawaru
  2190 | D:3      | Reached XP level 5. HP: 34/34 MP: 5/5
  2285 | D:3      | Noticed Gomac's ghost (weakling DrMo)
  2311 | D:3      | Killed Gomac's ghost
  2311 | D:3      | Reached skill level 5 in Fighting
  2638 | D:3      | Reached XP level 6. HP: 36/40 MP: 6/6
  3092 | D:4      | Reached skill level 5 in Maces & Flails
  3152 | D:4      | Found an ancient bone altar of Kikubaaqudgha.
  3245 | D:4      | Reached skill level 6 in Fighting
  3753 | D:3      | Reached XP level 7. HP: 42/46 MP: 7/7
  3852 | D:5      | Entered Level 5 of the Dungeon
  3914 | D:5      | Reached * piety under Okawaru
  4118 | D:5      | Noticed Pikel
  4144 | D:5      | Killed Pikel
  4144 | D:5      | Reached skill level 8 in Fighting
  4144 | D:5      | Reached XP level 8. HP: 35/54 MP: 5/8
  4497 | D:5      | Reached ** piety under Okawaru
  5074 | D:6      | Reached skill level 9 in Fighting
  5146 | D:6      | Reached XP level 9. HP: 52/60 MP: 9/9
  5166 | D:6      | Reached skill level 1 in Invocations
  5813 | D:7      | Noticed Prince Ribbit
  5835 | D:7      | Killed Prince Ribbit
  5843 | D:7      | Found a staircase to the Ecumenical Temple.
  5869 | Temple   | Entered the Ecumenical Temple
  6072 | D:7      | Reached *** piety under Okawaru
  6092 | D:7      | Found a shadowy altar of Dithmenos.
  6290 | D:7      | Noticed a cyclops
  6293 | D:7      | Reached skill level 5 in Armour
  6545 | D:8      | Found a snail-covered altar of Cheibriados.
  6577 | D:8      | Reached skill level 5 in Shields
  7023 | D:8      | HP: 2/60 [orc warrior/scimitar (9)]
  7677 | D:8      | Found a staircase to the Lair.
  7740 | D:8      | Reached skill level 5 in Invocations
  7757 | D:8      | Reached XP level 10. HP: 60/66 MP: 13/13
  9557 | D:7      | Mangled by an orc warrior

Skill      XL: |  1  2  3  4  5  6  7  8  9 |
---------------+----------------------------+-----
Fighting       | 4 5 6 8 9 |  9.1
Maces & Flails | 3 4 5 7 8 |  8.1
Invocations    | 5 |  5.8
Armour         | 6 |  6.8
Shields        | 6 |  6.6

Action                   |  1- 3 |  4- 6 |  7- 9 | 10-12 || total
-------------------------+-------+-------+-------+-------++-------
Melee: Flail             |   142 |   291 |    71 |       ||   504
       Whip              |       |       |   553 |   158 ||   711
Invok: Heroism           |       |       |     4 |       ||     4
  Eat: Chunk             |     2 |     8 |    12 |     4 ||    26
       Fruit             |       |       |     2 |       ||     2
Armor: Scale mail        |    93 |   134 |       |       ||   227
       Leather armour    |       |    49 |   233 |    44 ||   326
Dodge: Dodged            |    48 |   107 |   162 |    24 ||   341
Block: Shield            |    83 |   183 |   241 |    51 ||   558
